 Dungeon Crawl Stone Soup version 0.31.0-12-g77e489cdc1 (webtiles) character file.

Game seed: 2511965116430923089

210 Killerpretzel the Changeling (level 5, -2/35 HPs)
             Began as an Octopode Shapeshifter on Feb 24, 2024.
             Slain by a gnoll
             ... wielding a +0 spear
              (6 damage)
             ... on level 2 of the Dungeon.
             The game lasted 00:00:42 (568 turns).

Killerpretzel the Changeling (Octopode Shapeshifter) Turns: 568, Time: 00:00:43

Health: -2/35      AC:  1    Str: 13    XL:     5   Next: 87%
Magic:  5/5        EV: 14    Int: 13    God:
Gold:   19         SH:  0    Dex: 13    Spells: 4/4 levels left

rFire   . .          .
                       - Unarmed
rCold   . . .        (no shield)
rNeg    . . .        (helmet currently unavailable)
rPois   .            (no amulet)
rElec   .            (no ring)
rCorr   .            (no ring)
SInv    .            (no ring)
Will    .....        (no ring)
Stlth   ++           (no ring)
HPRegen 0.25/turn    (no ring)
MPRegen 0.09/turn    (no ring)
                     (no ring)

%: no passive effects
@: beast-form, hasted, very quick
A: beast (slay +2), almost no armour, amphibious, 8 rings, camouflage 1,
gelatinous body 1, (nimble swimmer 1), tentacles
a: Begin Untransformation


You were on level 2 of the Dungeon.
You were a hulking beast.
You visited 1 branch of the dungeon, and saw 2 of its levels.

You collected 19 gold pieces.

Inventory:

Jewellery
 g - a +4 ring of protection
Talismans
 b - a beast talisman
 c - a flux talisman
Scrolls
 a - a scroll of identify {unknown}
 d - a scroll of teleportation {unknown}
 f - a scroll of blinking {unknown}


   Skills:
 + Level 2.5 Fighting
 + Level 3.1 Dodging
 + Level 3.8 Unarmed Combat
 * Level 4.3 Shapeshifting


You had 4 spell levels left.
You didn't know any spells.
Your spell library contained the following spells:

 Spells                   Type           Power      Damage    Failure   Level
 Necrotise                Necr           0%         1d4       30%         1
 Vampiric Draining        Necr           0%         2d6       67%         3
 Martyr's Knell           Necr/Summ      0%         N/A       97%         4
 Curse of Agony           Necr           0%         N/A       100%        5


Dungeon Overview and Level Annotations

Branches:
Dungeon (2/15)

Altars:


Innate Abilities, Weirdness & Mutations

You are a hulking beast.
Your limbs bulge with bestial killing power. (Slay +2)
You cannot wear most types of armour.
You are amphibious.
You can wear up to eight rings at the same time.
Your skin changes colour to match your surroundings (Stealth+).
Your rubbery body absorbs attacks. (AC +1, EV +1)
((You are camouflaged when in or above water. (Stealth+)))
You have tentacles for arms and can constrict up to eight enemies at once.


Message History

The gnoll barely misses you.
You bump into the rock wall.
The gnoll hits you with a +0 whip.
You barely miss the gnoll.
The gnoll is lightly wounded.
You bump into the rock wall.
You feel less invigorated.
You feel less confused. The gnoll barely misses you.
You tentacle-slap the gnoll. You grab the gnoll. You tentacle-slap the gnoll.
The gnoll is almost dead.
You constrict the gnoll. The gnoll hits you with a +0 whip.
You tentacle-slap the gnoll.
You kill the gnoll!
The goblin misses you.
Things that are here:
a +0 whip; a gnoll corpse You tentacle-slap the goblin.
You grab the goblin.
The goblin is severely wounded.
You constrict the goblin. The gnoll barely misses you.
The goblin barely misses you.
You barely miss the goblin. You squeeze the goblin.
You kill the goblin!
The gnoll closely misses you. The gnoll attacks as it pursues you!
The gnoll barely misses you.
You see here a +0 club.
You barely miss the gnoll. Your grab misses the gnoll. You squeeze the gnoll!
The gnoll is almost dead.
The gnoll hits you with a +0 spear!
Things that are here:
a +0 whip; a gnoll corpse You completely miss the gnoll.
You grab the gnoll. You tentacle-slap the gnoll. You squeeze the gnoll.
The gnoll is severely wounded.
You constrict the gnoll.
You tentacle-slap the gnoll but do no damage.
The gnoll is almost dead.
You constrict the gnoll, but do no damage.
The gnoll hits you with a +0 flail!
* * * LOW HITPOINT WARNING * * *
The gnoll hits you with a +0 spear.
You die...

### ..# # #.# .. #.# ...
########.#### #.<
............# ..
.......#.##.#####
#..#.####.#<#...##......
#...)gghgg# #.......###.
#....####.###..######...
#.... #......# #.#. #..#
###.##.# #.#. .. #...#.#
#.## . #...#.# #...
#...#.# #### #.###.# ..
#.#


You could see 2 gnolls and 2 goblins.

Vanquished Creatures
  Sigmund (D:2)
  2 gnolls (D:2)
  An adder (D:2)
  A dart slug (D:1)
  A bat (D:1)
  2 goblins
  A hobgoblin (D:2)
  6 jackals
  2 kobolds (D:2)
  A rat (D:1)
18 creatures vanquished.

Notes
Turn   | Place    | Note
-------+----------+-------------------------------------------
     0 | D:1      | Killerpretzel the Octopode Shapeshifter began the quest for
                  | the Orb.
     0 | D:1      | Reached XP level 1. HP: 13/13 MP: 1/1
    53 | D:1      | Reached XP level 2. HP: 13/18 MP: 2/2
   213 | D:1      | You fall into a shaft and drop 1 floor!
   240 | D:2      | Noticed Sigmund
   254 | D:2      | Killed Sigmund
   255 | D:2      | Reached skill level 4 in Shapeshifting
   255 | D:2      | Reached XP level 3. HP: 7/25 MP: 3/3
   255 | D:2      | Reached XP level 4. HP: 8/30 MP: 4/4
   255 | D:2      | Reached XP level 5. HP: 9/35 MP: 5/5
   545 | D:2      | HP: 1/35 [gnoll/+0 spear (7)]
   568 | D:2      | Slain by a gnoll

Illustrated notes

Levels and vault maps discovered:
D:1:      dpeg_arrival_boxorama, layout_loops_cross,
          dreamdust_ecumenical_altar_hidden_monk_grotto
D:2:      layout_loops_ring, minmay_pentomino_z4, uniq_sigmund

Skill      XL: |  1  2 |
---------------+-------+-----
Fighting       | 2 |  2.5
Dodging        | 3 |  3.1
Shapeshifting  | 4 |  4.3
Unarmed Combat | |  3.8

Action                     |  1- 3 |  4- 6 || total
---------------------------+-------+-------++-------
  Melee: Unarmed           |    32 |    27 ||    59
         Constrict         |     5 |     5 ||    10
         Tentacles         |     4 |     4 ||     8
         Punch             |     1 |     2 ||     3
    Use: Potion            |     1 |     2 ||     3
   Stab: Distracted        |     1 |       ||     1
 Armour: Skin              |    31 |    22 ||    53
  Dodge: Dodged            |    18 |    18 ||    36
